 Dungeon Crawl Stone Soup version 0.26-a0-1181-gd376ed14c5 (webtiles) character file.

Game seed: 2698752691235787836

54 dillytodds the Skirmisher (level 3, 0/29 HPs)
             Began as a Demonspawn Fighter on Dec 27, 2020.
             Slain by an adder (2 damage)
             ... on level 2 of the Dungeon.
             The game lasted 00:04:20 (2025 turns).

dillytodds the Skirmisher (Demonspawn Fighter)      Turns: 2025, Time: 00:04:21

Health: 0/29       AC:  6    Str: 16    XL:     3   Next: 66%
Magic:  3/3        EV:  8    Int: 10    God:
Gold:   134        SH:  8    Dex: 12    Spells: 2/2 levels left

rFire    + . .     SeeInvis .     - Unarmed
rCold    . . .     Faith    .   b - +0 kite shield
rNeg     . . .     Spirit   .   g - +1 ring mail {rF+}
rPois    .         Reflect  .   (no helmet)
rElec    .         Harm     .   (no cloak)
rCorr    .         Rampage  .   (no gloves)
Will     .....                  (no boots)
Stlth    +.........             (no amulet)
HPRegen  0.09/turn              (no ring)
MPRegen  0.08/turn              (no ring)

@: lethally poisoned (0 -> -14), flying
A: powered by pain 1
a: no special abilities


You were on level 2 of the Dungeon.
You visited 1 branch of the dungeon, and saw 2 of its levels.

You collected 134 gold pieces.

Inventory:

Armour
 a - a +0 scale mail
 b - a +0 kite shield (worn)
 g - a +1 ring mail of fire resistance (worn)
Jewellery
 k - a cursed -4 ring of protection {unknown}
 p - an uncursed ring of magical power {unknown}
Scrolls
 e - a scroll of blinking {unknown}
 f - 2 scrolls of random uselessness {unknown}
 h - a scroll of remove curse {unknown}
 l - a scroll of immolation {unknown}
 m - 2 scrolls of teleportation {unknown}
 n - 3 scrolls of identify {unknown}
 q - a scroll of magic mapping {unknown}
Potions
 c - a potion of might
 d - a potion of haste {unknown}
 i - a potion of flight
 j - 2 potions of lignification {unknown}
 o - 2 potions of mutation {unknown}
 r - a potion of curing {unknown}


   Skills:
 * Level 3.2 Fighting
 * Level 3.2 Armour
 * Level 1.0 Dodging
 * Level 2.9 Shields
 + Level 2.4 Unarmed Combat


You had 2 spell levels left.
You didn't know any spells.
Your spell library was empty.

Dungeon Overview and Level Annotations

Branches:
Dungeon (2/15)

Altars:


Innate Abilities, Weirdness & Mutations

You sometimes gain a little power by taking damage.


Message History

You closely miss the adder.
The adder is severely wounded.
You feel sick. The adder bites you.
* * * LOW HITPOINT WARNING * * *
You are more poisoned.
The adder poisons you!
You barely miss the adder.
The adder is severely wounded.
* * * LOW HITPOINT WARNING * * *
You feel sick. The adder bites you but does no damage.
You hit the adder.
The adder is almost dead.
* * * LOW HITPOINT WARNING * * *
You feel sick. The adder completely misses you.
It was a potion of flight.
You feel very buoyant.
You fly up into the air.
* * * LOW HITPOINT WARNING * * *
You feel sick. You block the adder's attack. The adder bites you.
You die...

#....####...#
#....†....#.#
#..#.####...# #..#.#
##### #..#.# ## #.##.#
##. #.# #....## #..
.....#######.#...## #...
.....BS@............'...
...#####.###.#...####...
#.# #.##..# ##.. #.# #.#
#.# ##. #.# #.. .# ##
#.# ##. # ### #.# .# ..
#.. .. # #####


You could see an adder and a giant cockroach.

Vanquished Creatures
  An adder (D:2)
  An ooze (D:1)
  A worm (D:2)
  2 dart slugs
  A leopard gecko (D:1)
  2 giant cockroaches (D:1)
  4 goblins
  5 hobgoblins
  3 jackals (D:1)
  2 quokkas (D:2)
  3 bats
  3 frilled lizards (D:1)
  2 kobolds
  2 rats (D:1)
32 creatures vanquished.

Notes
Turn   | Place    | Note
-------+----------+-------------------------------------------
     0 | D:1      | dillytodds the Demonspawn Fighter began the quest for the
                  | Orb.
     0 | D:1      | Reached XP level 1. HP: 18/18 MP: 1/1
    91 | D:1      | Gained mutation: You sometimes gain a little power by
                  | taking damage. [demonic ancestry]
    91 | D:1      | Reached XP level 2. HP: 8/24 MP: 2/2
   885 | D:2      | Reached XP level 3. HP: 22/29 MP: 3/3
  1963 | D:2      | Reached skill level 1 in Dodging
  2025 | D:2      | Slain by an adder

Illustrated notes

Levels and vault maps discovered:
D:1:      dpeg_arrival_simpleton_b, layout_rooms
D:2:      layout_loops_corners

Skill      XL: |  1  2  3 |
---------------+----------+-----
Unarmed Combat | 2 |  2.4
Armour         | 3 |  3.2
Dodging        | 1 |  1.0
Fighting       | |  3.2
Shields        | |  2.9

Action                   || total
-------------------------++-------
Melee: Unarmed           ||   199
  Use: Potion            ||     1
Armor: Scale mail        ||    33
       Ring mail         ||    31
Dodge: Dodged            ||    63
Block: Kite shield       ||    68

Table legend: (Time is in decaauts)
 A = Elapsed time spent in this place.
 B = Non-inter-level travel time spent in this place.
 C = Inter-level travel time spent in this place.
 D = Time resting spent in this place.
 E = Time spent auto-exploring this place.
 F = Levels seen in this place.
 G = Mean time per level.
                   A        B        C        D        E       F      G
               +--------+--------+--------+--------+--------+-----+--------+
         Total |   2032 |   2021 |     11 |    772 |    910 |   2 | 1016.0 |
       Dungeon |   2032 |   2021 |     11 |    772 |    910 |   2 | 1016.0 |
               +--------+--------+--------+--------+--------+-----+--------+

Top non-repeatable levels by time:
     D:2: 1152 daAuts
     D:1: 879 daAuts
